 Dungeon Crawl Stone Soup version 0.18-a0-721-g8fc53f4 (webtiles) character file.

1061 M4edhros the Sneak (level 8, -1/48 HPs)
             Began as an Octopode Artificer on Dec 8, 2015.
             Slain by an ice beast (14 damage)
             ... on level 6 of the Dungeon.
             The game lasted 00:06:38 (2224 turns).

M4edhros the Sneak (Octopode Artificer)             Turns: 2224, Time: 00:06:38

Health: -1/48      AC:  1    Str: 11      XL:     8   Next: 27%
Magic:  13/13      EV: 13    Int: 16      God:
Gold:   139        SH:  4    Dex: 11 (12) Spells: 0 memorised, 7 levels left

rFire  . . .     SeeInvis .     a - +0 short sword
rCold  . . .     Clarity  .     p - +0 buckler
rNeg   . . .     SustAt   .     (helmet restricted)
rPois  .         Gourm    +     t - amulet of the gourmand
rElec  .         Spirit   .     (no ring)
rCorr  .         Dismiss  .     (no ring)
rMut   .         Stasis   .     (no ring)
MR     .....                    (no ring)
Stlth  +++++.....               (no ring)
                                (no ring)
                                (no ring)
                                (no ring)

@: exhausted, very slightly contaminated, slowed, invisible, very slow, not
resistant to hostile enchantments, quite stealthy
A: almost no armour, amphibious, 8 rings, constrict 8, camouflage 1, gelatinous
body 1
a: no special abilities


You were on level 6 of the Dungeon.
You were not hungry.

You visited 1 branch of the dungeon, and saw 6 of its levels.

You collected 139 gold pieces.

Inventory:

Hand Weapons
 a - a +0 short sword (weapon)
 u - a +0 blowgun
Missiles
 m - 122 stones (quivered)
 v - 27 poisoned needles
 w - 2 throwing nets
 D - 57 sling bullets
Armour
 p - a +0 buckler (worn)
Jewellery
 t - an amulet of the gourmand (around mantle)
Wands
 b - a wand of teleportation (3)
 c - a wand of enslavement (11)
 d - a wand of random effects (9)
Scrolls
 i - a scroll of identify
 j - 3 scrolls of remove curse
 k - a scroll of enchant weapon
 n - a scroll of fog
 r - a scroll of recharging
 y - a scroll of enchant armour
Potions
 l - a potion of resistance
 q - 2 potions of brilliance
 s - a potion of berserk rage
 z - a potion of cure mutation
 A - a potion of heal wounds
Comestibles
 e - 4 bread rations
 g - a royal jelly
 o - 7 meat rations
 E - a beef jerky


   Skills:
 - Level 1.0 Fighting
 - Level 1.0 Short Blades
 + Level 4.4 Dodging
 + Level 7.8 Stealth
 + Level 3.5 Shields
 + Level 6.7 Evocations


You had 7 spell levels left.
You didn't know any spells.

Dungeon Overview and Level Annotations

Branches:
Dungeon (6/15)
 Temple: D:4-7

Altars:
Fedhas

Shops:
D:4 *![%


Innate Abilities, Weirdness & Mutations

You cannot wear most types of armour.
You are amphibious.
You can wear up to eight rings at the same time.
You can use your tentacles to constrict eight enemies at once.
Your skin changes colour to match your surroundings (Stealth).
Your rubbery body absorbs attacks (AC +1).


Message History

The ice beast barely misses you.
You hit the ice beast but do no damage. The worker ant completely misses you.
The worker ant bites you. The ice beast closely misses you.
You strike the helpless worker ant from behind!
You hit the worker ant. Your grab misses the worker ant.
The worker ant is moderately wounded.
You feel a little less clever now. The worker ant closely misses you.
The ice beast hits you. The ice beast freezes you. You resist.
The worker ant barely misses you. The ice beast barely misses you.
The worker ant closely misses you.
You hit the worker ant but do no damage.
You grab the worker ant.
The worker ant is moderately wounded.
Your resistance to elements expires.
You constrict the worker ant, but do no damage.
The ice beast hits you. The ice beast freezes you!
The worker ant barely misses you. The ice beast hits you.
* * * LOW HITPOINT WARNING * * *
The ice beast freezes you!
You die...

#.. ....###.#######...
#o# #...............
#.######......########.
#... ....##.#..........
#.. ..........#########
#)# ####.###.##
#.#####...≈..#
#...†aY≈≈≈≈≈.#
######@.≈_≈..#
#..≈≈≈..# ##≈...≈##
#######


You could see an ice beast and a worker ant (wandering).

Vanquished Creatures
  Sigmund (D:2)
  3 ogres
  A sky beast (D:5)
  A phantom (D:4)
  A centaur (D:6)
  A giant frog (D:6)
  A scorpion (D:4)
  A giant frog zombie (D:5)
  A centaur skeleton (D:4)
  2 iguanas (D:4)
  A hound (D:5)
  A worker ant (D:4)
  3 adders
  4 gnolls (D:4)
  An adder zombie (D:6)
  An ooze (D:4)
  An orc (D:6)
  4 bats
  3 hobgoblins
  7 jackals
  A giant gecko skeleton (D:4)
  4 giant newts
  2 goblins (D:1)
  7 kobolds
  2 rats (D:1)
55 creatures vanquished.

Vanquished Creatures (collateral kills)
  A giant cockroach (D:2)
  A hobgoblin (D:2)
  A jackal (D:4)
  A rat (D:2)
4 creatures vanquished.

Vanquished Creatures (others)
  An ogre (D:4)
  4 toadstools (D:1)
5 creatures vanquished.

Grand Total: 64 creatures vanquished

Notes
Turn   | Place    | Note
--------------------------------------------------------------
     0 | D:1      | M4edhros the Octopode Artificer began the quest for the Orb.
     0 | D:1      | Reached XP level 1. HP: 13/13 MP: 3/3
   124 | D:1      | Reached XP level 2. HP: 18/18 MP: 4/4
   264 | D:2      | Noticed Sigmund
   318 | D:2      | Killed Sigmund
   318 | D:2      | Reached skill level 4 in Stealth
   318 | D:2      | Reached XP level 3. HP: 14/23 MP: 4/6
   318 | D:2      | Reached XP level 4. HP: 17/28 MP: 4/7
   318 | D:2      | Reached XP level 5. HP: 20/33 MP: 4/8
   382 | D:2      | Reached skill level 5 in Stealth
   382 | D:2      | Reached skill level 5 in Evocations
   931 | D:4      | Noticed an ogre
   944 | D:4      | Noticed an ogre
   983 | D:4      | Killed an ogre
   983 | D:4      | Reached skill level 1 in Shields
   983 | D:4      | Reached XP level 6. HP: 16/38 MP: 8/10
  1062 | D:4      | Reached skill level 6 in Stealth
  1090 | D:4      | Found Tidonuaw's Assorted Antiques.
  1102 | D:4      | Found Coidiffe's Distillery.
  1251 | D:4      | Found Sateeq's Armour Boutique.
  1317 | D:4      | Reached XP level 7. HP: 14/43 MP: 11/11
  1541 | D:4      | Found Aloel's Food Boutique.
  1676 | D:5      | Entered Level 5 of the Dungeon
  1699 | D:5      | Reached skill level 7 in Stealth
  1739 | D:5      | Gained mutation: One of your tentacles bears a spike. [mutagenic meat]
  1740 | D:5      | Gained mutation: You are partially covered in rugged brown scales (AC +1, +3% HP). [mutagenic meat]
  1741 | D:5      | Gained mutation: Scrolls take you a little longer to read. [mutagenic meat]
  1769 | D:5      | Reached XP level 8. HP: 45/49 MP: 12/12
  2164 | D:6      | Found a blossoming altar of Fedhas.
  2210 | D:6      | Lost mutation: One of your tentacles bears a spike. [potion of cure mutation]
  2210 | D:6      | Lost mutation: Scrolls take you a little longer to read. [potion of cure mutation]
  2210 | D:6      | Lost mutation: You are partially covered in rugged brown scales (AC +1, +3% HP). [potion of cure mutation]
  2224 | D:6      | Slain by an ice beast

Vault maps used:
D:1:      ldierk_walled_garden_2
D:2:      minmay_statues_item, uniq_crazy_yiuf_cottage, uniq_sigmund
D:3:      first_bread
D:4:      serial_shops, shop, shop, kennysheep_mini_moat, shop
D:5:      kennysheep_kobold_camp
D:6:      minmay_klotski, zin_treasury, fedhas_altar_2, led_sif_pool,
          serial_shops, shop, basic_altar, uniq_prince_ribbit1

Action                   |  1- 3 |  4- 6 |  7- 9 || total
-------------------------+-------+-------+-------++-------
Melee: Short sword       |    21 |    52 |    59 ||   132
Evoke: Wand              |     3 |    18 |     4 ||    25
  Use: Potion            |       |       |    11 ||    11
       Scroll            |       |       |     5 ||     5
 Stab: Sleeping          |     5 |     8 |     6 ||    19
       Distracted        |       |       |     1 ||     1
       Invisible         |       |       |     1 ||     1
  Eat: Chunk             |       |       |     9 ||     9
